 Dungeon Crawl Stone Soup version 0.25-a0-42-g6c54e25894 (webtiles) character file.

Game seed: 14928945836542030873, levelgen mode: deterministic

4758 Froggeryz the Slicer (level 10, -6/65 HPs)
             Began as a Halfling Assassin on Oct 23, 2019.
             Was a Follower of Ashenzari.
             Killed from afar by Harold (7 damage)
             ... with a harpoon shot
             ... on level 9 of the Dungeon.
             The game lasted 00:21:07 (9491 turns).

Froggeryz the Slicer (Halfling Assassin)            Turns: 9491, Time: 00:21:08

Health: -6/65      AC:  6    Str: 18    XL:     10   Next: 75%
Magic:  14/14      EV: 19    Int: 13    God:    Ashenzari [*.....]
Gold:   135        SH:  0    Dex: 24    Spells: 13/15 levels left

rFire    . . .     SeeInvis .   G - +7 dagger "Wusik" {pierce, rF- Str+6 Int+3}
rCold    . . .     Gourm    .   (shield restricted)
rNeg     . . .     Faith    .   A - +0 leather armour {MR+} (curse)
rPois    +         Spirit   .   H - +1 hat {MR+} (curse)
rElec    .         Reflect  .   y - +0 cloak
rCorr    +         Harm     .   n - +0 pair of gloves
MR       ++...                  (no boots)
Stlth    ++++++....             (no amulet)
HPRegen  0.20/turn              k - ring of resist corrosion (curse)
MPRegen  0.14/turn              r - ring of flight

@: agile, about to teleport
A: small, fire resistance 1, mutation resistance 1, poison resistance
a: Curse Item, Scrying, Renounce Religion, Evoke Flight


You were on level 9 of the Dungeon.
You worshipped Ashenzari.
Ashenzari was aware of your devotion.
You were not hungry.

You visited 2 branches of the dungeon, and saw 10 of its levels.

You collected 392 gold pieces.
You spent 257 gold pieces at shops.

Inventory:

Hand Weapons
 l - a +0 short sword of speed
 o - a +2 dagger of draining
 z - a +0 rapier
 G - the +7 dagger "Wusik" (weapon) {pierce, rF- Str+6 Int+3}
   (You found it on level 4 of the Dungeon)

   It inflicts extra damage upon your enemies.
   It affects your strength (+6).
   It affects your intelligence (+3).
   It makes you vulnerable to fire.
Missiles
 d - 34 poisoned darts (quivered)
 e - 4 curare-tipped darts
 g - 236 stones
 v - 2 boomerangs
 w - 24 sling bullets
Armour
 n - a +0 pair of gloves (worn)
 y - a +0 cloak (worn)
 A - a cursed +0 leather armour of magic resistance (worn)
 H - a cursed +1 hat of magic resistance (worn)
Jewellery
 k - a cursed ring of resist corrosion (left hand)
 r - a ring of flight (right hand)
Wands
 c - a wand of paralysis (1)
 C - a wand of digging (8)
 D - a wand of flame (34)
Scrolls
 b - 2 scrolls of immolation {unknown}
 h - 5 scrolls of identify {unknown}
 i - a scroll of remove curse
 p - 4 scrolls of fear {unknown}
 q - 2 scrolls of blinking {unknown}
 t - a scroll of enchant armour
 u - 2 scrolls of amnesia {unknown}
 x - 2 scrolls of teleportation
 B - a scroll of magic mapping {unknown}
 F - 2 scrolls of fog {unknown}
 J - a scroll of noise {unknown}
Potions
 a - 3 potions of curing
 j - a potion of haste {unknown}
 m - a potion of agility
 s - 2 potions of flight {unknown}
 E - a potion of might {unknown}
Comestibles
 f - 16 rations


   Skills:
 + Level 4.5 Fighting
 - Level 13.0 Short Blades
 - Level 2.0 Throwing
 - Level 1.1 Dodging
 + Level 10.3 Stealth
 - Level 3.2 Spellcasting
 + Level 0.1 Charms


You had 13 spell levels left.
You knew the following spells:

 Your Spells              Type           Power        Failure   Level  Hunger
a - Swiftness             Chrm/Air       #.......     36%         2    ##.....

Your spell library contained the following spells:

 Spells                   Type           Power        Failure   Level  Hunger
 Animate Skeleton         Necr           N/A          26%         1    #......
 Apportation              Tloc           #.....       26%         1    #......
 Confusing Touch          Hex            #.....       26%         1    #......
 Shock                    Conj/Air       #...         26%         1    #......
 Summon Small Mammal      Summ           #...         26%         1    #......
 Call Imp                 Summ           #.......     38%         2    ##.....
 Call Canine Familiar     Summ           #.......     63%         3    ###....
 Static Discharge         Conj/Air       #.......     63%         3    ###....
 Summon Guardian Golem    Hex/Summ       #.......     63%         3    ###....
 Airstrike                Air            #.........   95%         4    #####..
 Summon Ice Beast         Ice/Summ       #.......     95%         4    #####..
 Summon Lightning Spire   Summ/Air       #.......     95%         4    #####..
 Lightning Bolt           Conj/Air       #.........   100%        5    ######.


Dungeon Overview and Level Annotations

Branches:
Dungeon (9/15)             Temple (1/1) D:4
   Lair: D:8-11         Orc: D:9-12

Altars:
Ashenzari
Dithmenos
Fedhas
Gozag
Hepliaklqana
Kikubaaqudgha
Makhleb
Okawaru
Qazlal
Ru
Sif Muna
Uskayaw
Vehumet
Wu Jian
Yredelemnul
Zin
The Shining One

Shops:
D:6 ([   D:9 !

Annotations:
D:9 Harold


Innate Abilities, Weirdness & Mutations

You are small and have problems with some larger weapons.
You are somewhat resistant to further mutation.
Your flesh is heat resistant. (rF+)
Your system is resistant to poisons. (rPois)


Message History

Harold is moderately wounded.
You hit Harold but do no damage.
Harold is moderately wounded.
Harold closely misses you.
You completely miss Harold.
Harold is moderately wounded.
You hit Harold but do no damage.
Harold is moderately wounded.
Harold hits you with a +0 war axe!!
* * * LOW HITPOINT WARNING * * *
Okay, then.
As you read the scroll of teleportation, it crumbles to dust.
You feel strangely unstable. Harold hits you with a +0 war axe!
* * * LOW HITPOINT WARNING * * *
You puncture the bullfrog!
The bullfrog is heavily wounded.
The bullfrog misses you. Harold casts a spell at you.
The harpoon shot hits you!
You die...

...♣ . #..#.>...#..#....#
...♣ . #..#.....#..#....#
...♣ ♣. #..#.....#..#....#
...♣ ♣.♣#..#.....#..#....#
...♣ ♣....#.....#..#....#
...♣♣ ♣♣...#.....#..# ....♣
♣♣♣##.@#.....#
##'#########......##'####..#
................@F.........#
..[........................#
...........................#
.............................
.............................
.#################...........
.# #........... ##
#...........


You could see Harold and a bullfrog.

Vanquished Creatures
  A two-headed ogre (D:9)
  A troll (D:9)
  Grinder (D:3)
  4 hogs (D:8)
  A human (D:8)
  A hungry ghost (D:8)
  A black bear (D:6)
  2 orc warriors (D:8)
  An ice beast (D:6)
  2 sky beasts
  3 phantoms
  5 ogres
  2 centaurs
  4 bullfrogs
  4 howler monkeys
  A crimson imp (D:8)
  A centaur zombie (D:5)
  A jelly (D:6)
  2 hounds
  2 centaur skeletons
  6 orc wizards
  4 orc priests
  Jessica (D:3)
  2 iguanas
  8 worker ants
  3 hound zombies
  A hound skeleton (D:4)
  5 gnolls
  9 adders
  A shadow imp (D:7)
  2 oozes
  2 adder zombies
  A worm (D:2)
  4 dart slugs
  A leopard gecko (D:3)
  19 orcs
  4 giant cockroaches
  10 goblins
  6 hobgoblins
  17 jackals
  2 quokkas
  4 bats
  6 frilled lizards
  8 kobolds
  2 leopard gecko skeletons
  A quokka zombie (D:6)
  4 rats
173 creatures vanquished.

Vanquished Creatures (others)
  A plant (D:3)
1 creature vanquished.

Grand Total: 174 creatures vanquished

Notes
Turn   | Place    | Note
-------+----------+-------------------------------------------
     0 | D:1      | Froggeryz the Halfling Assassin began the quest for the
                  | Orb.
     0 | D:1      | Reached XP level 1. HP: 14/14 MP: 1/1
   215 | D:1      | Reached skill level 3 in Short Blades
   215 | D:1      | Reached XP level 2. HP: 19/19 MP: 2/2
   656 | D:1      | Reached XP level 3. HP: 24/24 MP: 3/3
  1003 | D:2      | Reached skill level 4 in Short Blades
  1204 | D:2      | Reached skill level 5 in Stealth
  1204 | D:2      | Reached XP level 4. HP: 15/29 MP: 4/4
  2174 | D:3      | Noticed Jessica
  2187 | D:3      | Killed Jessica
  2187 | D:3      | Reached XP level 5. HP: 28/34 MP: 5/5
  2267 | D:3      | Reached skill level 5 in Short Blades
  2291 | D:3      | Noticed Grinder
  2669 | D:3      | Found a basalt altar of Yredelemnul.
  2942 | D:3      | Killed Grinder
  2942 | D:3      | Reached skill level 6 in Short Blades
  2942 | D:3      | Reached XP level 6. HP: 23/41 MP: 6/6
  3084 | D:4      | Reached XP level 7. HP: 33/45 MP: 7/7
  3318 | D:4      | Found an ornate altar of the Wu Jian Council.
  3320 | D:4      | Found a radiant altar of Vehumet.
  3322 | D:4      | Found a blossoming altar of Fedhas.
  3322 | D:4      | Found a hazy altar of Hepliaklqana.
  3330 | D:4      | You fall into a shaft and drop 1 floor!
  3330 | D:5      | Entered Level 5 of the Dungeon
  3772 | D:5      | Reached skill level 7 in Short Blades
  4065 | D:5      | Found a burning altar of Makhleb.
  4423 | D:5      | Reached XP level 8. HP: 54/54 MP: 8/8
  4467 | D:5      | Reached skill level 8 in Short Blades
  4919 | D:4      | Found a staircase to the Ecumenical Temple.
  4981 | Temple   | Entered the Ecumenical Temple
  5051 | Temple   | Became a worshipper of Ashenzari the Shackled
  5574 | D:4      | Reached skill level 9 in Short Blades
  5823 | D:4      | Got the dagger "Wusik" {pierce, rF- Str+6 Int+3}
  5824 | D:4      | Identified the +7 dagger "Wusik" {pierce, rF- Str+6 Int+3}
                  | (You found it on level 4 of the Dungeon)
  6078 | D:6      | Found Wikaipp's Antique Weapon Boutique.
  6083 | D:6      | Reached XP level 9. HP: 59/59 MP: 9/9
  6180 | D:6      | Found Ysicwufrou's Antique Armour Boutique.
  6200 | D:6      | Bought a glowing hat for 161 gold pieces
  6282 | D:6      | Reached skill level 10 in Short Blades
  6347 | D:6      | Found a burning altar of Makhleb.
  6761 | D:7      | Reached skill level 11 in Short Blades
  6808 | D:7      | Learned a level 2 spell: Swiftness
  7087 | D:8      | Found a glowing golden altar of the Shining One.
  7099 | D:8      | Reached * piety under Ashenzari
  7144 | D:8      | Reached skill level 1 in Spellcasting
  7461 | D:7      | Found a hide-covered altar of Uskayaw.
  7574 | D:7      | Found a shadowy altar of Dithmenos.
  8251 | D:8      | Reached XP level 10. HP: 65/65 MP: 12/12
  8295 | D:8      | Reached skill level 12 in Short Blades
  8789 | D:9      | Noticed a two-headed ogre
  8895 | D:9      | Reached skill level 10 in Stealth
  9133 | D:9      | Found Kommuiqy's Distillery.
  9154 | D:9      | Bought a potion of mutation for 96 gold pieces
  9154 | D:9      | Gained mutation: Your system is resistant to poisons.
                  | (rPois) [potion of mutation]
  9154 | D:9      | Gained mutation: Your flesh is heat resistant. (rF+)
                  | [potion of mutation]
  9225 | D:9      | Killed a two-headed ogre
  9225 | D:9      | Reached skill level 13 in Short Blades
  9311 | D:9      | Noticed Harold
  9489 | D:9      | HP: 1/65 [Harold/+0 war axe (16)]
  9491 | D:9      | Killed from afar by Harold

Levels and vault maps discovered:
D:1:      kennysheep_arrival_forest, layout_basic
D:2:      layout_loops_ring
D:3:      layout_basic, lemuel_crystal_altar, serial_bayou_lagoon_a,
          uniq_jessica, uniq_grinder
D:4:      layout_loops_corners, grunt_temple_overflow_open,
          minmay_temple_entry_statues_pillars, minmay_crystal_room
D:5:      layout_gridville, first_ration, st_stairs_13,
          makhleb_blood_cavern_becter
D:6:      layout_gridville, serial_shops, nicolae_shop_statue_plus,
          nicolae_shop_trees, basic_altar
D:7:      layout_cave_pods, grunt_dithmenos_smoke_and_mirrors,
          eat_drink_and_be_merry_uskayaw
D:8:      layout_loops_ring, basic_altar, grunt_livestock
D:9:      layout_irregular_city, serial_shops, shop, hangedman_tree_tricks,
          uniq_harold
Temple:   regret_index_temple_waves

Skill      XL: |  1  2  3  4  5  6  7  8  9 10 |
---------------+-------------------------------+-----
Short Blades   | 3 4 6 7 9 11 13 | 13.0
Stealth        | 5 6 7 9 10 | 10.3
Fighting       | 2 3 4 |  4.5
Spellcasting   | 1 3 |  3.2
Throwing       | |  2.0
Dodging        | |  1.1
Charms         | |  0.1

Action                   |  1- 3 |  4- 6 |  7- 9 | 10-12 || total
-------------------------+-------+-------+-------+-------++-------
Melee: Dagger            |    40 |     5 |   355 |   130 ||   530
       Short sword       |    34 |   178 |    58 |       ||   270
       Rapier            |       |     1 |    59 |       ||    60
Throw: Stone             |    19 |       |       |       ||    19
       Dart              |     4 |       |     3 |     4 ||    11
       Boomerang         |       |     7 |     9 |     1 ||    17
Invok: Curse Item        |       |       |     3 |       ||     3
Evoke: Wand              |       |     3 |     2 |     4 ||     9
  Use: Scroll            |       |     4 |       |     2 ||     6
       Potion            |       |     1 |     1 |     2 ||     4
 Stab: Sleeping          |     5 |     7 |    16 |     2 ||    30
       Paralysed         |       |     1 |     1 |     1 ||     3
  Eat: Chunk             |     1 |     5 |    17 |     4 ||    27
Armor: Robe              |     6 |    18 |     2 |       ||    26
       Leather armour    |       |       |    53 |    13 ||    66
Dodge: Dodged            |    33 |    60 |   190 |    47 ||   330

Table legend:
 A = Non-vault XP
 B = Vault XP
 C = Vault XP percentage of total XP
 D = Non-vault monster count
 E = Vault monster count
 F = Vault count percentage of total count
                 A         B        C        D         E       F
            +---------+---------+-------+---------+---------+-------
      Total |    5397 |    1401 |  20.6 |     164 |       9 |   5.2
            +---------+---------+-------+---------+---------+-------
        D:1 |      39 |       0 |   0.0 |      15 |       0 |   0.0
        D:2 |      56 |       0 |   0.0 |      19 |       0 |   0.0
        D:3 |      78 |     332 |  81.0 |      24 |       2 |   7.7
        D:4 |     790 |       0 |   0.0 |      30 |       0 |   0.0
        D:5 |     569 |      79 |  12.2 |      14 |       2 |  12.5
        D:6 |     690 |       0 |   0.0 |      19 |       0 |   0.0
        D:7 |     523 |       0 |   0.0 |      11 |       0 |   0.0
        D:8 |    1013 |     990 |  49.4 |      19 |       5 |  20.8
        D:9 |    1639 |       0 |   0.0 |      13 |       0 |   0.0
            +---------+---------+-------+---------+---------+-------
